Red Wings vs Devils (R1)

Created - October 22, 2019 at 19:46

Goals
1 2 3 T
Red Wings 0 0 0 0
Devils 1 1 0 2
Shots
1 2 3 T
Red Wings 6 8 8 22
Devils 12 6 4 22

1st period

1. Devils , Shea Weber 1 (Viktor Arvidsson 1, Travis Hamonic 1) at 14:54

Penalties :
Tomas Kopecky (Det) for Interference (Minor) at 0:53, Maxim Lapierre (Det) for Hooking (Minor) at 6:27, Marian Hossa (NJD) for Tripping (Minor) at 16:51

2nd period

2. Devils , Jason Zucker 1 (Viktor Arvidsson 2, Cody Hodgson 1) at 1:02 (PP)

Penalties :
Michael Haley (Det) for Slashing (Minor) at 0:54, Jason Zucker (NJD) for Cross-checking (Minor) at 1:40, Reilly Smith (Det) for Hooking (Minor) at 13:39

3rd period

No Goal

Penalties :
Kellan Lain (NJD) for High sticking (Minor) at 1:53, Adam Henrique (Det) for Interference (Minor) at 8:37, Ladislav Smid (NJD) for Holding (Minor) at 15:13, Gilbert Brule (NJD) for Slashing (Minor) at 18:12

Goalie Stats

James Reimer (Det), 20 saves from 22 shots - (0.909), L, 0-1-0, 60:00 minutes
John Gibson (NJD), 22 saves from 22 shots - (1.000), W, 1-0-0, 60:00 minutes

Players Stats for Red Wings

Player Name              G  A  P  +/- PIM S  H  SB GA TA FO     MP     PP MP  PK MP  
------------------------------------------------------------------------------------
Adam Henrique            0  0  0  -1  2   3  0  0  0  0  1/2    16:39   5:11   0:16 
Alex Picard              0  0  0   0  0   2  0  0  0  0  1/4    12:46   0:36   1:33 
Anton Volchenkov         0  0  0   0  0   2  1  0  1  2  0/0    15:28   0:00   4:14 
Carson Mcmillan          0  0  0   0  0   3  1  0  0  0  0/0    11:45   0:00   3:55 
Connor Brown             0  0  0   0  0   3  0  0  1  0  0/1    17:04   4:42   0:00 
David Krejci             0  0  0   0  0   0  3  0  0  1  2/8    11:18   0:52   0:00 
Jiri Fischer             0  0  0   0  0   0  3  2  0  1  0/0    19:38   3:49   4:03 
Karl Alzner              0  0  0   0  0   0  0  1  0  1  0/0    18:35   3:49   0:00 
Maxim Lapierre           0  0  0   0  2   1  1  0  1  0  0/2    10:25   0:00   2:28 
Michael Haley            0  0  0   0  2   0  0  1  0  0  0/4    11:36   0:00   3:47 
Nick Bjugstad            0  0  0   0  0   0  1  0  1  1  6/11   16:37   4:04   0:00 
Ole-Kristian Tollefsen   0  0  0  -1  0   1  3  1  0  0  0/0    22:58   5:54   0:00 
Philip Samuelsson        0  0  0  -1  0   0  1  0  0  1  0/0    26:04   5:54   4:01 
Reilly Smith             0  0  0  -1  2   0  1  0  0  0  0/2    16:01   4:27   0:00 
Ryan Johansen            0  0  0  -1  0   1  3  0  1  0  5/15   16:41   5:11   0:16 
Ryan O'Byrne             0  0  0   0  0   0  0  0  2  1  0/0    17:32   0:00   4:03 
Sean Bergenheim          0  0  0   0  0   6  1  1  1  0  1/2    20:21   4:06   3:40 
Tomas Kopecky            0  0  0   0  2   0  1  0  0  0  0/0    10:23   0:00   0:00 

Players Stats for Devils

Player Name              G  A  P  +/- PIM S  H  SB GA TA FO     MP     PP MP  PK MP  
------------------------------------------------------------------------------------
Anthony Stewart          0  0  0   0  0   0  0  0  1  0  1/2     9:58   0:02   2:13 
Brandon Burlon           0  0  0   0  0   1  0  0  0  0  0/0    10:19   0:00   0:47 
Cody Hodgson             0  1  1   0  0   1  2  0  0  1  15/20  19:59   4:17   2:13 
Gilbert Brule            0  0  0   1  2   2  4  0  1  1  9/16   16:24   0:00   4:25 
Jaden Schwartz           0  0  0   0  0   1  0  1  1  0  2/2    22:13   3:45   4:50 
Jason Zucker             1  0  1   1  2   3  1  0  0  0  0/0    17:30   4:17   0:24 
Kellan Lain              0  0  0   0  2   2  1  0  0  1  0/0    11:32   0:02   1:58 
Ladislav Smid            0  0  0   0  2   1  2  1  1  1  0/0    16:54   0:00   4:58 
Marian Hossa             0  0  0   0  2   0  1  0  0  0  1/1     8:27   0:00   0:00 
Mike Richards            0  0  0   0  0   1  2  0  2  0  4/6    13:23   3:45   1:19 
Nikita Kucherov          0  0  0   0  0   2  3  0  1  1  1/2    17:23   3:45   0:00 
Pernell Karl Subban      0  0  0   0  0   0  0  0  0  0  0/0    23:33   3:42   6:15 
Rostislav Olesz          0  0  0   0  0   0  1  0  0  0  0/0    10:05   0:02   2:04 
Shea Weber               1  0  1   1  0   3  1  0  1  0  0/0    23:06   4:22   0:30 
Tobias Enstrom           0  0  0   0  0   0  2  0  0  1  0/0    20:13   3:42   3:28 
Travis Hamonic           0  1  1   1  0   0  0  1  0  2  0/0    25:54   4:22   3:28 
Tyler Bozak              0  0  0   0  0   0  0  0  0  0  2/2     6:38   0:00   0:00 
Viktor Arvidsson         0  2  2   1  0   5  1  1  0  0  0/0    16:41   4:17   0:00 

3 Stars

1 - John Gibson (NJD)
2 - Viktor Arvidsson (NJD)
3 - Shea Weber (NJD)

Power Play

Red Wings - 0 on 5 Attempt(s) - 0.00%
Devils - 1 on 5 Attempt(s) - 20.00%

Penalty Kill

Red Wings - 4 on 5 Attempt(s) - 80.00% - Score 0 goal in Penalty Kill
Devils - 5 on 5 Attempt(s) - 100.00% - Score 0 goal in Penalty Kill

Team Stat

Red Wings - Hits : 20 - Faceoff Wins : 16 - Blocked Shots : 6 - Penalty Minutes : 10
Devils - Hits : 21 - Faceoff Wins : 35 - Blocked Shots : 4 - Penalty Minutes : 10

Official

Referees : Unknown
Linesman : Unknown

Game Notes

No Game Note

Finance

Level 1 -- Attendance: 5540 (92.33%) -- Ticket Income $498,600
Level 2 -- Attendance: 5000 (100.00%) -- Ticket Income $275,000
Level 3 -- Attendance: 1982 (99.10%) -- Ticket Income $71,352
Level 4 -- Attendance: 4000 (100.00%) -- Ticket Income $100,000
Luxury Box -- Attendance: 1000 (100.00%) -- Ticket Income $155,000
Game was played at the The prudential Center.
Total Attendance: 17522 (97.34%)
Total Ticket Income: $1,099,952
Other Income: $164,993
Total Income: $1,264,945

Red Wings

5 vs 5 Forward 
   Center                   Left Wing                Right Wing               Time % Phy DF OF 
 1 Ryan Johansen            Adam Henrique            Reilly Smith             38     0   2  3  
 2 Nick Bjugstad            Sean Bergenheim          Connor Brown             37     0   2  3  
 3 David Krejci             Alex Picard              Tomas Kopecky            17     0   3  2  
 4 Maxim Lapierre           Michael Haley            Carson Mcmillan          8      1   2  2  

5 vs 5 Defense 
   Defense                  Defense                                           Time % Phy DF OF 
 1 Ole-Kristian Tollefsen   Philip Samuelsson                                 35     0   3  2  
 2 Ryan O'Byrne             Karl Alzner                                       35     0   3  2  
 3 Jiri Fischer             Anton Volchenkov                                  20     0   3  2  
 4 Jiri Fischer             Anton Volchenkov                                  10     0   3  2  

PowerPlay Forward 
   Center                   Left Wing                Right Wing               Time % Phy DF OF 
 1 Ryan Johansen            Adam Henrique            Connor Brown             55     0   1  4  
 2 Nick Bjugstad            Sean Bergenheim          Reilly Smith             45     0   1  4  

PowerPlay Defense
   Defense                  Defense                                           Time % Phy DF OF 
 1 Philip Samuelsson        Ole-Kristian Tollefsen                            60     0   2  3  
 2 Jiri Fischer             Karl Alzner                                       40     0   2  3  

Penalty Kill 4 Players Forward 
   Center                   Wing                     Time % Phy DF OF 
 1 Michael Haley            Carson Mcmillan          50     1   2  2  
 2 Sean Bergenheim          Maxim Lapierre           50     1   2  2  

Penalty Kill 4 Players Defense
   Defense                  Defense                  Time % Phy DF OF 
 1 Ryan O'Byrne             Jiri Fischer             50     1   2  2  
 2 Philip Samuelsson        Anton Volchenkov         50     1   2  2  

Penalty Kill - 3 Players Forward 
   Forward                                           Time % Phy DF OF 
 1 Carson Mcmillan                                   60     1   2  2  
 2 Michael Haley                                     40     1   2  2  

Penalty Kill - 3 Players Defense
   Defense                  Defense                  Time % Phy DF OF 
 1 Ryan O'Byrne             Jiri Fischer             50     1   2  2  
 2 Philip Samuelsson        Anton Volchenkov         50     1   2  2  

4 vs 4 Forward 
   Center                   Wing                     Time % Phy DF OF 
 1 Ryan Johansen            Adam Henrique            60     1   2  2  
 2 Nick Bjugstad            Reilly Smith             40     1   2  2  

4 vs 4 Defense
   Defense                  Defense                  Time % Phy DF OF 
 1 Ryan O'Byrne             Karl Alzner              60     1   2  2  
 2 Ole-Kristian Tollefsen   Philip Samuelsson        40     1   2  2  

Last Minutes Offensive
   Center                   Left Wing                Right Wing               Defense                  Defense                  
   Ryan Johansen            Adam Henrique            Sean Bergenheim          Ole-Kristian Tollefsen   Philip Samuelsson        

Last Minutes Defensive
   Center                   Left Wing                Right Wing               Defense                  Defense                  
   Sean Bergenheim          Michael Haley            Carson Mcmillan          Anton Volchenkov         Ryan O'Byrne             

Goaltenders
Starting : James Reimer             
Backup : Josh Harding             

Extra Forwards
Normal : Ryan Johansen, Connor Brown, David Krejci - PP : David Krejci, Alex Picard - PK : Alex Picard
Extra Defensemen
Normal : Philip Samuelsson, Ole-Kristian Tollefsen, Karl Alzner - PP : Ryan O'Byrne - PK : Ole-Kristian Tollefsen, Karl Alzner
Penalty Shots
Ryan Johansen, Carson Mcmillan, Maxim Lapierre, Nick Bjugstad, Sean Bergenheim

Scratches
Andrew Alberts (Healthy), Chris Kelly (Healthy), Petr Pohl (Healthy)

Devils

5 vs 5 Forward 
   Center                   Left Wing                Right Wing               Time % Phy DF OF 
 1 Cody Hodgson             Jaden Schwartz           Nikita Kucherov          40     1   2  2  
 2 Gilbert Brule            Jason Zucker             Viktor Arvidsson         30     1   2  2  
 3 Mike Richards            Kellan Lain              Marian Hossa             20     1   2  2  
 4 Tyler Bozak              Rostislav Olesz          Anthony Stewart          10     1   2  2  

5 vs 5 Defense 
   Defense                  Defense                                           Time % Phy DF OF 
 1 Travis Hamonic           Shea Weber                                        40     1   2  2  
 2 Tobias Enstrom           Pernell Karl Subban                               30     1   2  2  
 3 Ladislav Smid            Brandon Burlon                                    20     1   2  2  
 4 Ladislav Smid            Pernell Karl Subban                               10     1   2  2  

PowerPlay Forward 
   Center                   Left Wing                Right Wing               Time % Phy DF OF 
 1 Cody Hodgson             Jason Zucker             Viktor Arvidsson         60     1   2  2  
 2 Mike Richards            Jaden Schwartz           Nikita Kucherov          40     1   2  2  

PowerPlay Defense
   Defense                  Defense                                           Time % Phy DF OF 
 1 Travis Hamonic           Shea Weber                                        60     1   2  2  
 2 Tobias Enstrom           Pernell Karl Subban                               40     1   2  2  

Penalty Kill 4 Players Forward 
   Center                   Wing                     Time % Phy DF OF 
 1 Gilbert Brule            Jaden Schwartz           60     1   2  2  
 2 Cody Hodgson             Rostislav Olesz          40     1   2  2  

Penalty Kill 4 Players Defense
   Defense                  Defense                  Time % Phy DF OF 
 1 Ladislav Smid            Pernell Karl Subban      60     1   2  2  
 2 Tobias Enstrom           Travis Hamonic           40     1   2  2  

Penalty Kill - 3 Players Forward 
   Forward                                           Time % Phy DF OF 
 1 Gilbert Brule                                     60     1   2  2  
 2 Mike Richards                                     40     1   2  2  

Penalty Kill - 3 Players Defense
   Defense                  Defense                  Time % Phy DF OF 
 1 Travis Hamonic           Shea Weber               60     1   2  2  
 2 Tobias Enstrom           Pernell Karl Subban      40     1   2  2  

4 vs 4 Forward 
   Center                   Wing                     Time % Phy DF OF 
 1 Gilbert Brule            Marian Hossa             60     1   2  2  
 2 Mike Richards            Rostislav Olesz          40     1   2  2  

4 vs 4 Defense
   Defense                  Defense                  Time % Phy DF OF 
 1 Tobias Enstrom           Ladislav Smid            60     1   2  2  
 2 Travis Hamonic           Shea Weber               40     1   2  2  

Last Minutes Offensive
   Center                   Left Wing                Right Wing               Defense                  Defense                  
   Mike Richards            Jaden Schwartz           Viktor Arvidsson         Travis Hamonic           Shea Weber               

Last Minutes Defensive
   Center                   Left Wing                Right Wing               Defense                  Defense                  
   Mike Richards            Jaden Schwartz           Marian Hossa             Travis Hamonic           Shea Weber               

Goaltenders
Starting : John Gibson              
Backup : Antti Niemi              

Extra Forwards
Normal : Rostislav Olesz, Jason Zucker, Anthony Stewart - PP : Rostislav Olesz, Jason Zucker - PK : Anthony Stewart
Extra Defensemen
Normal : Ladislav Smid, Brandon Burlon, Tobias Enstrom - PP : Ladislav Smid - PK : Brandon Burlon, Tobias Enstrom
Penalty Shots
Gilbert Brule, Mike Richards, Cody Hodgson, Kellan Lain, Jaden Schwartz

Scratches
Keith Kinkaid (Healthy)

% Time on Ice - Red Wings

Lines # - Real PCT - Wanted PCT - Time Play
Normal Forward
1 - 26% - 38% - 11:11
2 - 31% - 37% - 12:59
3 - 24% - 17% - 10:13
4 - 19% - 8% - 7:50
Normal Defense
1 - 39% - 35% - 16:32
2 - 36% - 35% - 15:23
3 - 19% - 20% - 7:54
4 - 6% - 10% - 2:24
PP Forward
1 - 54% - 55% - 5:16
2 - 46% - 45% - 4:27
PP Defense
1 - 61% - 60% - 5:54
2 - 39% - 40% - 3:49
PK Forward
1 - 49% - 50% - 3:55
2 - 51% - 50% - 4:09
PK Defense
1 - 50% - 50% - 4:03
2 - 50% - 50% - 4:01
PK3 Forward
1 - 0% - 60%
2 - 0% - 40%
PK3 Defense
1 - 0% - 50%
2 - 0% - 50%
44 Forward
1 - 0% - 60%
2 - 0% - 40%
44 Defense
1 - 0% - 60%
2 - 0% - 40%
Last Minute Offensive  - 0:00
Last Minute Defensive  - 0:00
Total
Forward - 60:00
Defense - 60:00

% Time on Ice - Devils

Lines # - Real PCT - Wanted PCT - Time Play
Normal Forward
1 - 35% - 40% - 14:34
2 - 30% - 30% - 12:33
3 - 20% - 20% - 8:28
4 - 16% - 10% - 6:38
Normal Defense
1 - 45% - 40% - 18:49
2 - 30% - 30% - 12:35
3 - 23% - 20% - 9:32
4 - 3% - 10% - 1:17
PP Forward
1 - 54% - 60% - 4:19
2 - 46% - 40% - 3:45
PP Defense
1 - 54% - 60% - 4:22
2 - 46% - 40% - 3:42
PK Forward
1 - 79% - 60% - 7:39
2 - 21% - 40% - 2:04
PK Defense
1 - 64% - 60% - 6:15
2 - 36% - 40% - 3:28
PK3 Forward
1 - 0% - 60%
2 - 0% - 40%
PK3 Defense
1 - 0% - 60%
2 - 0% - 40%
44 Forward
1 - 0% - 60%
2 - 0% - 40%
44 Defense
1 - 0% - 60%
2 - 0% - 40%
Last Minute Offensive  - 0:00
Last Minute Defensive  - 0:00
Total
Forward - 60:00
Defense - 60:00

Play-by-Play

1st period


0:01 of 1st period - Cody Hodgson wins face-off versus Ryan Johansen in neutral zone.
0:53 of 1st period - Minor Penalty to Tomas Kopecky for Interference.
0:54 of 1st period - Cody Hodgson wins face-off versus Michael Haley in Red Wings zone.
1:02 of 1st period - Snap shot by Jason Zucker.
1:02 of 1st period - Stopped by James Reimer without a rebound.
1:03 of 1st period - Cody Hodgson wins face-off versus Michael Haley in Red Wings zone.
1:16 of 1st period - Wrist shot by Cody Hodgson.
1:16 of 1st period - Shot Misses the Net.
1:18 of 1st period - Slapshot by Cody Hodgson.
1:18 of 1st period - Deflect By Jason Zucker.
1:18 of 1st period - Shot Misses the Net.
1:18 of 1st period - Puck is out of play.
1:19 of 1st period - Jaden Schwartz wins face-off versus Sean Bergenheim in Red Wings zone.
1:30 of 1st period - Snap shot by Sean Bergenheim.
1:30 of 1st period - Shot Misses the Net.
2:07 of 1st period - Anton Volchenkov is hit by Tobias Enstrom and loses puck.
2:26 of 1st period - Snap shot by Carson Mcmillan.
2:26 of 1st period - Shot Misses the Net.
2:53 of 1st period - Penalty to Tomas Kopecky is over, Tomas Kopecky is back on ice.
3:08 of 1st period - Slapshot by Shea Weber.
3:08 of 1st period - Stopped by James Reimer with a rebound.
3:11 of 1st period - Icing by Ryan O'Byrne.
3:12 of 1st period - Tyler Bozak wins face-off versus Ryan Johansen in Red Wings zone.
3:38 of 1st period - Pernell Karl Subban is hit by David Krejci.
4:44 of 1st period - Rostislav Olesz is hit by Ole-Kristian Tollefsen and loses puck.
5:10 of 1st period - Jason Zucker is hit by Sean Bergenheim and loses puck.
5:18 of 1st period - Icing by Ladislav Smid.
5:19 of 1st period - Cody Hodgson wins face-off versus David Krejci in Devils zone.
5:32 of 1st period - Wrist shot by David Krejci.
5:32 of 1st period - Shot Misses the Net.
5:34 of 1st period - Slapshot by Karl Alzner.
5:34 of 1st period - Shot Blocked by Ladislav Smid.
6:16 of 1st period - Snap shot by Kellan Lain.
6:16 of 1st period - Shot Misses the Net.
6:27 of 1st period - Minor Penalty to Maxim Lapierre for Hooking.
6:28 of 1st period - Alex Picard wins face-off versus Cody Hodgson in Red Wings zone.
7:49 of 1st period - Pernell Karl Subban is hit by Ryan Johansen and loses puck.
8:27 of 1st period - Penalty to Maxim Lapierre is over, Maxim Lapierre is back on ice.
9:03 of 1st period - Wrist shot by David Krejci.
9:03 of 1st period - Deflect By Alex Picard.
9:03 of 1st period - Stopped by John Gibson without a rebound.
9:04 of 1st period - David Krejci wins face-off versus Gilbert Brule in Devils zone.
9:53 of 1st period - Snap shot by Ryan Johansen.
9:53 of 1st period - Stopped by John Gibson without a rebound.
9:54 of 1st period - Nick Bjugstad wins face-off versus Gilbert Brule in Devils zone.
10:09 of 1st period - Snap shot by Connor Brown.
10:09 of 1st period - Stopped by John Gibson without a rebound.
10:10 of 1st period - Nikita Kucherov wins face-off versus Reilly Smith in Devils zone.
10:21 of 1st period - Cody Hodgson is hit by Reilly Smith and loses puck.
10:46 of 1st period - Snap shot by Travis Hamonic.
10:46 of 1st period - Shot Blocked by Ole-Kristian Tollefsen.
10:48 of 1st period - Wrist shot by Gilbert Brule.
10:48 of 1st period - Shot Misses the Net.
10:58 of 1st period - Nick Bjugstad is hit by Rostislav Olesz and loses puck.
11:11 of 1st period - Wrist shot by Connor Brown.
11:11 of 1st period - Shot Misses the Net.
12:12 of 1st period - Slapshot by Adam Henrique.
12:12 of 1st period - Shot Misses the Net.
12:14 of 1st period - Snap shot by Reilly Smith.
12:14 of 1st period - Shot Misses the Net.
12:32 of 1st period - Wrist shot by Nikita Kucherov.
12:32 of 1st period - Stopped by James Reimer without a rebound.
12:33 of 1st period - David Krejci wins face-off versus Gilbert Brule in Red Wings zone.
12:33 of 1st period - David Krejci is hit by Gilbert Brule.
13:47 of 1st period - Snap shot by David Krejci.
13:47 of 1st period - Deflect By Alex Picard.
13:47 of 1st period - Shot Misses the Net.
13:47 of 1st period - Puck is out of play.
13:48 of 1st period - Gilbert Brule wins face-off versus David Krejci in Devils zone.
13:48 of 1st period - Gilbert Brule is hit by Anton Volchenkov.
14:04 of 1st period - Snap shot by Jason Zucker.
14:04 of 1st period - Shot Misses the Net.
14:06 of 1st period - Slapshot by Ladislav Smid.
14:06 of 1st period - Stopped by James Reimer with a rebound.
14:08 of 1st period - Slapshot by Ladislav Smid.
14:08 of 1st period - Shot Misses the Net.
14:10 of 1st period - Slapshot by Gilbert Brule.
14:10 of 1st period - Stopped by James Reimer without a rebound.
14:11 of 1st period - Nick Bjugstad wins face-off versus Cody Hodgson in Red Wings zone.
14:11 of 1st period - Nick Bjugstad is hit by Cody Hodgson.
14:17 of 1st period - Connor Brown is hit by Nikita Kucherov and loses puck.
14:38 of 1st period - Snap shot by Jason Zucker.
14:38 of 1st period - Stopped by James Reimer without a rebound.
14:39 of 1st period - Gilbert Brule wins face-off versus Ryan Johansen in Red Wings zone.
14:40 of 1st period - Slapshot by Viktor Arvidsson.
14:40 of 1st period - Stopped by James Reimer without a rebound.
14:41 of 1st period - Gilbert Brule wins face-off versus Ryan Johansen in Red Wings zone.
14:52 of 1st period - Snap shot by Viktor Arvidsson.
14:52 of 1st period - Stopped by James Reimer with a rebound.
14:54 of 1st period - Slapshot by Shea Weber.
14:54 of 1st period - Deflect By Adam Henrique.
14:54 of 1st period - Goal by Shea Weber - Red Wings : 0 - Devils : 1.
14:55 of 1st period - Cody Hodgson wins face-off versus Nick Bjugstad in neutral zone.
15:04 of 1st period - Snap shot by Jaden Schwartz.
15:04 of 1st period - Shot Misses the Net.
15:10 of 1st period - Snap shot by Jaden Schwartz.
15:10 of 1st period - Shot Misses the Net.
15:12 of 1st period - Snap shot by Cody Hodgson.
15:12 of 1st period - Shot Blocked by Sean Bergenheim.
15:44 of 1st period - Off-side.
15:45 of 1st period - Tyler Bozak wins face-off versus Alex Picard in neutral zone.
16:36 of 1st period - Marian Hossa is hit by Ryan Johansen and loses puck.
16:51 of 1st period - Minor Penalty to Marian Hossa for Tripping.
16:52 of 1st period - Gilbert Brule wins face-off versus Ryan Johansen in Devils zone.
17:09 of 1st period - Pernell Karl Subban is hit by Ole-Kristian Tollefsen and loses puck.
17:22 of 1st period - Snap shot by Sean Bergenheim.
17:22 of 1st period - Stopped by John Gibson with a rebound.
17:24 of 1st period - Snap shot by Sean Bergenheim.
17:24 of 1st period - Stopped by John Gibson with a rebound.
17:41 of 1st period - Off-side.
17:42 of 1st period - Cody Hodgson wins face-off versus Nick Bjugstad in neutral zone.
17:47 of 1st period - Wrist shot by Cody Hodgson.
17:47 of 1st period - Stopped by James Reimer without a rebound.
17:48 of 1st period - Nick Bjugstad wins face-off versus Gilbert Brule in Red Wings zone.
17:59 of 1st period - Snap shot by Nick Bjugstad.
17:59 of 1st period - Deflect By Sean Bergenheim.
17:59 of 1st period - Stopped by John Gibson without a rebound.
18:00 of 1st period - Gilbert Brule wins face-off versus Ryan Johansen in Devils zone.
18:51 of 1st period - Penalty to Marian Hossa is over, Marian Hossa is back on ice.
19:03 of 1st period - Tobias Enstrom is hit by Jiri Fischer.
19:16 of 1st period - Icing by Karl Alzner.
19:17 of 1st period - Mike Richards wins face-off versus Alex Picard in Red Wings zone.
19:18 of 1st period - Slapshot by Kellan Lain.
19:18 of 1st period - Stopped by James Reimer with a rebound.
19:46 of 1st period - Backhand shot by Mike Richards.
19:46 of 1st period - Stopped by James Reimer without a rebound.
19:47 of 1st period - Marian Hossa wins face-off versus Nick Bjugstad in Red Wings zone.
Goals for this period are 0 for Red Wings vs 1 for Devils.
Shots for this period are 6 for Red Wings vs 12 for Devils.

2nd period


0:01 of 2nd period - Cody Hodgson wins face-off versus Connor Brown in neutral zone.
0:54 of 2nd period - Minor Penalty to Michael Haley for Slashing.
0:55 of 2nd period - Cody Hodgson wins face-off versus Alex Picard in Red Wings zone.
1:02 of 2nd period - Snap shot by Jason Zucker.
1:02 of 2nd period - Goal by Jason Zucker - Red Wings : 0 - Devils : 2.
1:03 of 2nd period - Sean Bergenheim wins face-off versus Cody Hodgson in neutral zone.
1:16 of 2nd period - Snap shot by Sean Bergenheim.
1:16 of 2nd period - Stopped by John Gibson with a rebound.
1:18 of 2nd period - Slapshot by Nick Bjugstad.
1:18 of 2nd period - Shot Blocked by Jaden Schwartz.
1:40 of 2nd period - Minor Penalty to Jason Zucker for Cross-checking.
1:41 of 2nd period - Ryan Johansen wins face-off versus Gilbert Brule in Devils zone.
3:40 of 2nd period - Penalty to Jason Zucker is over, Jason Zucker is back on ice.
3:59 of 2nd period - Slapshot by Maxim Lapierre.
3:59 of 2nd period - Deflect By Kellan Lain.
3:59 of 2nd period - Stopped by John Gibson without a rebound.
4:00 of 2nd period - Cody Hodgson wins face-off versus David Krejci in Devils zone.
4:21 of 2nd period - Slapshot by Anton Volchenkov.
4:21 of 2nd period - Stopped by John Gibson without a rebound.
4:22 of 2nd period - Gilbert Brule wins face-off versus Maxim Lapierre in Devils zone.
4:22 of 2nd period - Gilbert Brule is hit by Maxim Lapierre.
4:34 of 2nd period - Slapshot by Gilbert Brule.
4:34 of 2nd period - Shot Misses the Net.
4:40 of 2nd period - Ole-Kristian Tollefsen is hit by Gilbert Brule and loses puck.
4:47 of 2nd period - Travis Hamonic is hit by Ole-Kristian Tollefsen and loses puck.
5:28 of 2nd period - Wrist shot by Viktor Arvidsson.
5:28 of 2nd period - Stopped by James Reimer with a rebound.
5:34 of 2nd period - Slapshot by Carson Mcmillan.
5:34 of 2nd period - Shot Misses the Net.
6:15 of 2nd period - Snap shot by Gilbert Brule.
6:15 of 2nd period - Shot Misses the Net.
6:57 of 2nd period - Slapshot by Ole-Kristian Tollefsen.
6:57 of 2nd period - Stopped by John Gibson without a rebound.
6:58 of 2nd period - Cody Hodgson wins face-off versus Ryan Johansen in Devils zone.
7:05 of 2nd period - Slapshot by Tobias Enstrom.
7:05 of 2nd period - Shot Misses the Net.
7:07 of 2nd period - Wrist shot by Jaden Schwartz.
7:07 of 2nd period - Stopped by James Reimer without a rebound.
7:08 of 2nd period - Jaden Schwartz wins face-off versus Reilly Smith in Red Wings zone.
7:19 of 2nd period - Wrist shot by Nikita Kucherov.
7:19 of 2nd period - Stopped by James Reimer without a rebound.
7:20 of 2nd period - Nick Bjugstad wins face-off versus Nikita Kucherov in Red Wings zone.
7:25 of 2nd period - Snap shot by Sean Bergenheim.
7:25 of 2nd period - Stopped by John Gibson without a rebound.
7:26 of 2nd period - Nick Bjugstad wins face-off versus Cody Hodgson in Devils zone.
8:12 of 2nd period - Snap shot by Jaden Schwartz.
8:12 of 2nd period - Shot Hit the Post.
8:14 of 2nd period - Snap shot by Cody Hodgson.
8:14 of 2nd period - Shot Misses the Net.
8:16 of 2nd period - Wrist shot by Pernell Karl Subban.
8:16 of 2nd period - Shot Blocked by Karl Alzner.
8:18 of 2nd period - Snap shot by Pernell Karl Subban.
8:18 of 2nd period - Deflect By Jaden Schwartz.
8:18 of 2nd period - Shot Misses the Net.
8:18 of 2nd period - Puck is out of play.
8:19 of 2nd period - Ryan Johansen wins face-off versus Mike Richards in Red Wings zone.
8:19 of 2nd period - Ryan Johansen is hit by Mike Richards.
8:52 of 2nd period - David Krejci is hit by Mike Richards and loses puck.
9:15 of 2nd period - Snap shot by Tyler Bozak.
9:15 of 2nd period - Shot Misses the Net.
11:03 of 2nd period - Rostislav Olesz is hit by Ryan Johansen and loses puck.
13:29 of 2nd period - Tobias Enstrom is hit by David Krejci and loses puck.
13:39 of 2nd period - Minor Penalty to Reilly Smith for Hooking.
13:40 of 2nd period - Cody Hodgson wins face-off versus Michael Haley in Red Wings zone.
15:39 of 2nd period - Penalty to Reilly Smith is over, Reilly Smith is back on ice.
16:06 of 2nd period - Anthony Stewart is hit by Tomas Kopecky and loses puck.
16:23 of 2nd period - Snap shot by Adam Henrique.
16:23 of 2nd period - Stopped by John Gibson with a rebound.
17:05 of 2nd period - Carson Mcmillan is hit by Gilbert Brule and loses puck.
17:50 of 2nd period - Backhand shot by Adam Henrique.
17:50 of 2nd period - Stopped by John Gibson without a rebound.
17:51 of 2nd period - Gilbert Brule wins face-off versus Ryan Johansen in Devils zone.
18:26 of 2nd period - Snap shot by Alex Picard.
18:26 of 2nd period - Stopped by John Gibson without a rebound.
18:27 of 2nd period - Cody Hodgson wins face-off versus David Krejci in Devils zone.
19:06 of 2nd period - Icing by Alex Picard.
19:07 of 2nd period - Gilbert Brule wins face-off versus David Krejci in Red Wings zone.
19:08 of 2nd period - Snap shot by Viktor Arvidsson.
19:08 of 2nd period - Stopped by James Reimer with a rebound.
19:10 of 2nd period - Snap shot by Shea Weber.
19:10 of 2nd period - Stopped by James Reimer with a rebound.
19:12 of 2nd period - Snap shot by Jason Zucker.
19:12 of 2nd period - Shot Blocked by Jiri Fischer.
19:18 of 2nd period - Wrist shot by Viktor Arvidsson.
19:18 of 2nd period - Shot Misses the Net.
19:20 of 2nd period - Slapshot by Viktor Arvidsson.
19:20 of 2nd period - Shot Misses the Net.
19:58 of 2nd period - Slapshot by Ryan Johansen.
19:58 of 2nd period - Shot Misses the Net.
Goals for this period are 0 for Red Wings vs 1 for Devils.
Shots for this period are 8 for Red Wings vs 6 for Devils.

3rd period


0:01 of 3rd period - Ryan Johansen wins face-off versus Cody Hodgson in neutral zone.
0:35 of 3rd period - Tobias Enstrom is hit by Jiri Fischer.
0:47 of 3rd period - Slapshot by Anton Volchenkov.
0:47 of 3rd period - Stopped by John Gibson with a rebound.
0:49 of 3rd period - Slapshot by Jiri Fischer.
0:49 of 3rd period - Deflect By Tomas Kopecky.
0:49 of 3rd period - Shot Misses the Net.
0:49 of 3rd period - Puck is out of play.
0:50 of 3rd period - Mike Richards wins face-off versus David Krejci in Devils zone.
1:53 of 3rd period - Minor Penalty to Kellan Lain for High sticking.
1:54 of 3rd period - Adam Henrique wins face-off versus Gilbert Brule in Devils zone.
2:12 of 3rd period - Gilbert Brule is hit by Jiri Fischer and loses puck.
3:53 of 3rd period - Penalty to Kellan Lain is over, Kellan Lain is back on ice.
4:14 of 3rd period - Ryan O'Byrne is hit by Ladislav Smid and loses puck.
4:45 of 3rd period - Tomas Kopecky is hit by Viktor Arvidsson and loses puck.
5:10 of 3rd period - Reilly Smith is hit by Nikita Kucherov and loses puck.
6:26 of 3rd period - Shea Weber is hit by Nick Bjugstad and loses puck.
6:37 of 3rd period - Michael Haley is hit by Kellan Lain and loses puck.
7:07 of 3rd period - Tobias Enstrom is hit by David Krejci and loses puck.
7:18 of 3rd period - Wrist shot by Connor Brown.
7:18 of 3rd period - Stopped by John Gibson with a rebound.
8:14 of 3rd period - Wrist shot by Jaden Schwartz.
8:14 of 3rd period - Shot Misses the Net.
8:37 of 3rd period - Minor Penalty to Adam Henrique for Interference.
8:38 of 3rd period - Cody Hodgson wins face-off versus Michael Haley in Red Wings zone.
8:39 of 3rd period - Snap shot by Viktor Arvidsson.
8:39 of 3rd period - Stopped by James Reimer with a rebound.
8:45 of 3rd period - Slapshot by Jiri Fischer.
8:45 of 3rd period - Shot Blocked by Travis Hamonic.
8:47 of 3rd period - Wrist shot by Carson Mcmillan.
8:47 of 3rd period - Stopped by John Gibson with a rebound.
8:49 of 3rd period - Slapshot by Jiri Fischer.
8:49 of 3rd period - Shot Blocked by Viktor Arvidsson.
8:51 of 3rd period - Slapshot by Carson Mcmillan.
8:51 of 3rd period - Stopped by John Gibson with a rebound.
8:53 of 3rd period - Wrist shot by Carson Mcmillan.
8:53 of 3rd period - Stopped by John Gibson with a rebound.
9:20 of 3rd period - Philip Samuelsson is hit by Shea Weber and loses puck.
9:55 of 3rd period - Ryan O'Byrne is hit by Tobias Enstrom and loses puck.
10:37 of 3rd period - Penalty to Adam Henrique is over, Adam Henrique is back on ice.
10:44 of 3rd period - Snap shot by Reilly Smith.
10:44 of 3rd period - Shot Misses the Net.
11:12 of 3rd period - Off-side.
11:13 of 3rd period - Nick Bjugstad wins face-off versus Gilbert Brule in neutral zone.
11:22 of 3rd period - Ryan O'Byrne is hit by Jason Zucker and loses puck.
11:33 of 3rd period - Karl Alzner is hit by Marian Hossa and loses puck.
11:40 of 3rd period - Wrist shot by Kellan Lain.
11:40 of 3rd period - Shot Misses the Net.
11:54 of 3rd period - Nick Bjugstad is hit by Cody Hodgson.
13:17 of 3rd period - Icing by Jiri Fischer.
13:18 of 3rd period - Mike Richards wins face-off versus Maxim Lapierre in Red Wings zone.
13:19 of 3rd period - Snap shot by Kellan Lain.
13:19 of 3rd period - Stopped by James Reimer with a rebound.
13:21 of 3rd period - Snap shot by Gilbert Brule.
13:21 of 3rd period - Shot Blocked by Jiri Fischer.
13:23 of 3rd period - Slapshot by Brandon Burlon.
13:23 of 3rd period - Shot Blocked by Michael Haley.
13:25 of 3rd period - Snap shot by Gilbert Brule.
13:25 of 3rd period - Stopped by James Reimer with a rebound.
13:27 of 3rd period - Slapshot by Brandon Burlon.
13:27 of 3rd period - Stopped by James Reimer without a rebound.
13:28 of 3rd period - Gilbert Brule wins face-off versus Ryan Johansen in Red Wings zone.
13:29 of 3rd period - Snap shot by Viktor Arvidsson.
13:29 of 3rd period - Shot Misses the Net.
13:34 of 3rd period - Ole-Kristian Tollefsen is hit by Ladislav Smid and loses puck.
13:39 of 3rd period - Wrist shot by Ryan Johansen.
13:39 of 3rd period - Shot Misses the Net.
13:41 of 3rd period - Wrist shot by Reilly Smith.
13:41 of 3rd period - Deflect By Adam Henrique.
13:41 of 3rd period - Stopped by John Gibson without a rebound.
13:42 of 3rd period - Cody Hodgson wins face-off versus Nick Bjugstad in Devils zone.
13:49 of 3rd period - Snap shot by Connor Brown.
13:49 of 3rd period - Stopped by John Gibson without a rebound.
13:50 of 3rd period - Cody Hodgson wins face-off versus Nick Bjugstad in Devils zone.
14:21 of 3rd period - Snap shot by Connor Brown.
14:21 of 3rd period - Shot Misses the Net.
14:23 of 3rd period - Slapshot by Philip Samuelsson.
14:23 of 3rd period - Shot Misses the Net.
14:31 of 3rd period - Wrist shot by Sean Bergenheim.
14:31 of 3rd period - Shot Misses the Net.
15:10 of 3rd period - Snap shot by Nick Bjugstad.
15:10 of 3rd period - Deflect By Sean Bergenheim.
15:10 of 3rd period - Stopped by John Gibson without a rebound.
15:11 of 3rd period - Mike Richards wins face-off versus Adam Henrique in Devils zone.
15:13 of 3rd period - Minor Penalty to Ladislav Smid for Holding.
15:14 of 3rd period - Ryan Johansen wins face-off versus Anthony Stewart in Devils zone.
16:35 of 3rd period - Adam Henrique is hit by Gilbert Brule and loses puck.
17:13 of 3rd period - Penalty to Ladislav Smid is over, Ladislav Smid is back on ice.
17:29 of 3rd period - Viktor Arvidsson is hit by Carson Mcmillan and loses puck.
17:46 of 3rd period - Ryan O'Byrne is hit by Nikita Kucherov and loses puck.
18:12 of 3rd period - Minor Penalty to Gilbert Brule for Slashing.
18:13 of 3rd period - Anthony Stewart wins face-off versus Ryan Johansen in Devils zone.
18:22 of 3rd period - Jaden Schwartz is hit by Philip Samuelsson and loses puck.
19:52 of 3rd period - Icing by Ole-Kristian Tollefsen.
19:53 of 3rd period - Ryan Johansen wins face-off versus Mike Richards in Red Wings zone.
Goals for this period are 0 for Red Wings vs 0 for Devils.
Shots for this period are 8 for Red Wings vs 4 for Devils.